NCAA
NORTH CAROLINA STATE WOLFPACK @ VANDERBILT COMMODORES
05/08/2028
 
TOP OF THE 1ST
North Carolina State Wolfpack batting - Pitching for Vanderbilt Commodores : LHP Tony Whitcomb
Pitching: LHP Tony Whitcomb
Batting: LHB Steven Gregory 0-0: Ball
1-0: DOUBLE (Line Drive, 89S)
Batting: SHB Dave Williams 0-0: Ball
1-0: Called Strike
1-1: SINGLE (Line Drive, 6)
Steven Gregory to third
Runner from 3rd tries for Home, SAFE, no throw
Batting: LHB Aaron Atkins 0-0: Fly out, F7 (Flyball, 78M)
Batting: RHB Jonathon García 0-0: Ball
1-0: Foul Ball, location: 2F
1-1: Ball
2-1: Ball
3-1: Base on Balls
Dave Williams to second
Batting: LHB Shawn Joyce 0-0: Called Strike
0-1: Called Strike
0-2: Ball
1-2: Ball
2-2: Ball
3-2: Base on Balls
Dave Williams to third
Jonathon García to second
Batting: SHB Mark Hendree 0-0: Fielders Choice at 2nd, 6-4 (Groundball, 6)
Dave Williams scores
Jonathon García to third
Now at 2B: Johnny Becker
Batting: RHB Brian Francis 0-0: Called Strike
0-1: Swinging Strike
0-2: Strikes out swinging
Top of the 1st over - 2 run(s), 2 hit(s), 0 error(s), 2 left on base; North Carolina State 2 - Vanderbilt 0
BOTTOM OF THE 1ST
Vanderbilt Commodores batting - Pitching for North Carolina State Wolfpack : RHP Chris Miller
Pitching: RHP Chris Miller
Batting: LHB Doyle Price 0-0: Called Strike
0-1: Called Strike
0-2: Ball
1-2: Ball
2-2: Strikes out swinging
Batting: LHB Gerald Murphy 0-0: Called Strike
0-1: Ball
1-1: Ball
2-1: Swinging Strike
2-2: Strikes out swinging
Batting: LHB Luis Miguel Martínez 0-0: Ground out 4-3 (Groundball, 34)
Bottom of the 1st over - 0 run(s), 0 hit(s), 0 error(s), 0 left on base; North Carolina State 2 - Vanderbilt 0
TOP OF THE 2ND
North Carolina State Wolfpack batting - Pitching for Vanderbilt Commodores : LHP Tony Whitcomb
Batting: LHB Stan Miller 0-0: Ball
1-0: Ball
2-0: Ball
3-0: Base on Balls
Batting: LHB John Fuller 0-0: Foul Ball, location: 2F
0-1: Swinging Strike
0-2: Ball
1-2: Ball
2-2: Single, Error in OF, E9, batter to second base
Stan Miller to third
Batting: LHB Steven Gregory 0-0: Ball
1-0: Foul Ball, location: 2F
1-1: SINGLE (Line Drive, 9LS)
Stan Miller scores
John Fuller to third
Batting: SHB Dave Williams 0-0: Called Strike
0-1: Ball
1-1: Called Strike
1-2: Foul Ball, location: 2F
1-2: Strikes out looking
Batting: LHB Aaron Atkins 0-0: Ground out U3 (Groundball, 3S)
John Fuller scores
Steven Gregory to second
Batting: RHB Jonathon García 0-0: Ball
1-0: Called Strike
1-1: Swinging Strike
1-2: Strikes out swinging
Top of the 2nd over - 2 run(s), 2 hit(s), 1 error(s), 1 left on base; North Carolina State 4 - Vanderbilt 0
BOTTOM OF THE 2ND
Vanderbilt Commodores batting - Pitching for North Carolina State Wolfpack : RHP Chris Miller
Batting: RHB Denis Miller 0-0: Foul Ball, location: 2F
0-1: Ground out 1-3 (Groundball, 13S)
Batting: RHB Johnny Becker 0-0: Called Strike
0-1: Foul Ball, location: 2F
0-2: Foul Ball, location: 2F
0-2: Ball
1-2: Strikes out looking
Batting: RHB Todd Weeks 0-0: Ball
1-0: Reached on error, E6 (Groundball, 6M)
Batting: RHB Jon Downs 0-0: Fielders Choice at 2nd, 6-4 (Groundball, 6)
Bottom of the 2nd over - 0 run(s), 0 hit(s), 1 error(s), 0 left on base; North Carolina State 4 - Vanderbilt 0
TOP OF THE 3RD
North Carolina State Wolfpack batting - Pitching for Vanderbilt Commodores : LHP Tony Whitcomb
Batting: LHB Shawn Joyce 0-0: Foul Ball, location: 2F
0-1: Ball
1-1: Called Strike
1-2: Strikes out looking
Batting: SHB Mark Hendree 0-0: Called Strike
0-1: Called Strike
0-2: Ball
1-2: Ball
2-2: SINGLE (Line Drive, 5D)
Batting: RHB Brian Francis 0-0: Ball
1-0: SINGLE (Groundball, 6MD)
Mark Hendree to second
Runner from 2nd tries for 3rd, SAFE, throw made to third
Batting: LHB Stan Miller 0-0: Ball
1-0: Ball
2-0: Called Strike
2-1: Swinging Strike
2-2: Foul Ball, location: 2F
2-2: Strikes out looking
Batting: LHB John Fuller 0-0: Ball
1-0: Ball
2-0: Ball
3-0: Called Strike
3-1: Base on Balls
Brian Francis to second
Batting: LHB Steven Gregory 0-0: Ball
1-0: SINGLE (Flyball, 7LM)
Mark Hendree scores
Brian Francis to third
John Fuller to second
Runner from 3rd tries for Home, SAFE, no throw
Pitching: LHP Robbie Troxler
Batting: SHB Dave Williams 0-0: Ball
1-0: Ball
2-0: Called Strike
2-1: Foul Ball, location: 2F
2-2: Strikes out looking
Top of the 3rd over - 2 run(s), 3 hit(s), 0 error(s), 2 left on base; North Carolina State 6 - Vanderbilt 0
BOTTOM OF THE 3RD
Vanderbilt Commodores batting - Pitching for North Carolina State Wolfpack : RHP Chris Miller
Batting: RHB Jim Harris 0-0: Called Strike
0-1: Swinging Strike
0-2: Foul Ball, location: 2F
0-2: Strikes out looking
Batting: RHB Greg Scott 0-0: Ball
1-0: Called Strike
1-1: Ground out 5-3 (Groundball, 56)
Batting: LHB Doyle Price 0-0: Ball
1-0: Swinging Strike
1-1: Ball
2-1: Called Strike
2-2: Foul Ball, location: 2F
2-2: Strikes out looking
Bottom of the 3rd over - 0 run(s), 0 hit(s), 0 error(s), 0 left on base; North Carolina State 6 - Vanderbilt 0
TOP OF THE 4TH
North Carolina State Wolfpack batting - Pitching for Vanderbilt Commodores : LHP Robbie Troxler
Batting: LHB Aaron Atkins 0-0: Ball
1-0: Ball
2-0: Called Strike
2-1: Swinging Strike
2-2: Foul Ball, location: 2F
2-2: Strikes out swinging
Batting: RHB Jonathon García 0-0: Foul Ball, location: 2F
0-1: Foul Ball, location: 2F
0-2: Strikes out swinging
Batting: LHB Shawn Joyce 0-0: Ball
1-0: Called Strike
1-1: Ball
2-1: Ball
3-1: Called Strike
3-2: Strikes out swinging
Top of the 4th over - 0 run(s), 0 hit(s), 0 error(s), 0 left on base; North Carolina State 6 - Vanderbilt 0
BOTTOM OF THE 4TH
Vanderbilt Commodores batting - Pitching for North Carolina State Wolfpack : RHP Chris Miller
Batting: LHB Gerald Murphy 0-0: Swinging Strike
0-1: Foul Ball, location: 2F
0-2: Foul Ball, location: 2F
0-2: Ball
1-2: Strikes out swinging
Batting: LHB Luis Miguel Martínez 0-0: Foul Ball, location: 2F
0-1: Called Strike
0-2: Foul Ball, location: 2F
0-2: Ball
1-2: Foul Ball, location: 2F
1-2: Ball
2-2: Fly out, F8 (Flyball, 8LS)
Batting: RHB Denis Miller 0-0: Ball
1-0: Called Strike
1-1: Ball
2-1: Ground out 6-3 (Groundball, 6)
Bottom of the 4th over - 0 run(s), 0 hit(s), 0 error(s), 0 left on base; North Carolina State 6 - Vanderbilt 0
TOP OF THE 5TH
North Carolina State Wolfpack batting - Pitching for Vanderbilt Commodores : LHP Robbie Troxler
Batting: SHB Mark Hendree 0-0: Ball
1-0: Ball
2-0: Ball
3-0: Called Strike
3-1: Base on Balls
Batting: RHB Brian Francis 0-0: Fly out, F4 (Popup, 4D)
Batting: LHB Stan Miller 0-0: Called Strike
0-1: Ball
Mark Hendree is caught stealing 2nd base
1-1: Called Strike
1-2: Strikes out swinging
Top of the 5th over - 0 run(s), 0 hit(s), 0 error(s), 0 left on base; North Carolina State 6 - Vanderbilt 0
BOTTOM OF THE 5TH
Vanderbilt Commodores batting - Pitching for North Carolina State Wolfpack : RHP Chris Miller
Batting: RHB Johnny Becker 0-0: Ball
1-0: Ball
2-0: Called Strike
2-1: Ball
3-1: Called Strike
3-2: Base on Balls
Batting: RHB Todd Weeks 0-0: Called Strike
0-1: Fly out, F9 (Flyball, 9)
Batting: RHB Jon Downs 0-0: Ball
1-0: Foul Ball, location: 2F
1-1: Fly out, F9 (Flyball, 9LS)
Batting: RHB Jim Harris 0-0: Called Strike
0-1: Fielders Choice at 2nd, 6-4 (Groundball, 56)
Bottom of the 5th over - 0 run(s), 0 hit(s), 0 error(s), 0 left on base; North Carolina State 6 - Vanderbilt 0
TOP OF THE 6TH
North Carolina State Wolfpack batting - Pitching for Vanderbilt Commodores : LHP Robbie Troxler
Batting: LHB John Fuller 0-0: Foul Ball, location: 2F
0-1: Ball
1-1: Foul Ball, location: 2F
1-2: Ball
2-2: Strikes out swinging
Batting: LHB Steven Gregory 0-0: Foul Ball, location: 2F
0-1: Ball
1-1: Swinging Strike
1-2: Ball
2-2: Strikes out swinging
Batting: SHB Dave Williams 0-0: Called Strike
0-1: Ball
1-1: Ball
2-1: Foul Ball, location: 2F
2-2: Ball
3-2: Strikes out swinging
Top of the 6th over - 0 run(s), 0 hit(s), 0 error(s), 0 left on base; North Carolina State 6 - Vanderbilt 0
BOTTOM OF THE 6TH
Vanderbilt Commodores batting - Pitching for North Carolina State Wolfpack : RHP Chris Miller
Batting: RHB Greg Scott 0-0: Foul Ball, location: 2F
0-1: Ball
1-1: Swinging Strike
1-2: Strikes out swinging
Batting: LHB Doyle Price 0-0: Called Strike
0-1: Called Strike
0-2: Ball
1-2: Foul Ball, location: 2F
1-2: SINGLE (Groundball, 4S) (infield hit)
Batting: LHB Gerald Murphy 0-0: Hit by Pitch
Doyle Price to second
Batting: LHB Luis Miguel Martínez 0-0: Called Strike
0-1: Ball
1-1: Ball
2-1: Ball
3-1: Base on Balls
Doyle Price to third
Gerald Murphy to second
Batting: RHB Denis Miller 0-0: Ball
1-0: Grounds into double play, 5-4-3 (Groundball, 56)
Bottom of the 6th over - 0 run(s), 1 hit(s), 0 error(s), 2 left on base; North Carolina State 6 - Vanderbilt 0
TOP OF THE 7TH
North Carolina State Wolfpack batting - Pitching for Vanderbilt Commodores : LHP Robbie Troxler
Batting: LHB Aaron Atkins 0-0: Called Strike
0-1: Foul Ball, location: 2F
0-2: Strikes out swinging
Batting: RHB Jonathon García 0-0: Ball
1-0: Swinging Strike
1-1: Swinging Strike
1-2: Ground out 4-3 (Groundball, 4)
Batting: LHB Shawn Joyce 0-0: Called Strike
0-1: Swinging Strike
0-2: Foul Ball, location: 2F
0-2: Ball
1-2: Ball
2-2: Foul Ball, location: 2F
2-2: Ball
3-2: Foul Ball, location: 2F
3-2: Base on Balls
Batting: SHB Mark Hendree 0-0: Ball
1-0: Called Strike
1-1: Ball
2-1: Foul Ball, location: 2F
2-2: Fly out, F6 (Line Drive, 6)
Top of the 7th over - 0 run(s), 0 hit(s), 0 error(s), 1 left on base; North Carolina State 6 - Vanderbilt 0
BOTTOM OF THE 7TH
Vanderbilt Commodores batting - Pitching for North Carolina State Wolfpack : RHP Chris Miller
Pitching: RHP Simon Fox
Batting: RHB Johnny Becker 0-0: SINGLE (Line Drive, 89S)
Batting: RHB Todd Weeks 0-0: Fielders Choice at 2nd, 6-4 (Groundball, 6)
Batting: RHB Jon Downs 0-0: Ball
1-0: Ball
2-0: Called Strike
2-1: Ball
3-1: Base on Balls
Todd Weeks to second
Batting: RHB Jim Harris 0-0: Foul Ball, location: 2F
0-1: Ball
1-1: Ball
2-1: Called Strike
2-2: Foul Ball, location: 2F
2-2: Ball
3-2: Foul Ball, location: 2F
3-2: Strikes out swinging
Batting: RHB Greg Scott 0-0: Called Strike
0-1: Called Strike
0-2: Strikes out swinging
Bottom of the 7th over - 0 run(s), 1 hit(s), 0 error(s), 2 left on base; North Carolina State 6 - Vanderbilt 0
TOP OF THE 8TH
North Carolina State Wolfpack batting - Pitching for Vanderbilt Commodores : LHP Robbie Troxler
Pitching: RHP Dan Riley
Batting: RHB Brian Francis 0-0: Fly out, F9 (Flyball, 9S)
Batting: LHB Stan Miller 0-0: Ball
1-0: Called Strike
1-1: Foul Ball, location: 2F
1-2: Strikes out swinging, 2-3 out at first.
Batting: LHB John Fuller 0-0: Ball
1-0: Fly out, F8 (Flyball, 8LM)
Top of the 8th over - 0 run(s), 0 hit(s), 0 error(s), 0 left on base; North Carolina State 6 - Vanderbilt 0
BOTTOM OF THE 8TH
Vanderbilt Commodores batting - Pitching for North Carolina State Wolfpack : RHP Simon Fox
Batting: LHB Doyle Price 0-0: Called Strike
0-1: Foul Ball, location: 2F
0-2: Ball
1-2: Ball
2-2: Foul Ball, location: 2F
2-2: Foul Ball, location: 2F
2-2: Fly out, F8 (Flyball, 78M)
Batting: LHB Gerald Murphy 0-0: Ball
1-0: Called Strike
1-1: Foul Ball, location: 2F
1-2: SOLO HOME RUN (Flyball, 7LD), Distance : 320 ft
Batting: LHB Luis Miguel Martínez 0-0: Ball
1-0: Called Strike
1-1: Ball
2-1: Ball
3-1: SINGLE (Flyball, 8LS)
Batting: RHB Denis Miller 0-0: Called Strike
0-1: Ball
1-1: Ground out 5-3 (Groundball, 56S)
Luis Miguel Martínez to second
Batting: RHB Johnny Becker 0-0: Ball
1-0: Fly out, F3 (Popup, 34S)
Bottom of the 8th over - 1 run(s), 2 hit(s), 0 error(s), 1 left on base; North Carolina State 6 - Vanderbilt 1
TOP OF THE 9TH
North Carolina State Wolfpack batting - Pitching for Vanderbilt Commodores : RHP Dan Riley
Batting: LHB Steven Gregory 0-0: Ball
1-0: Ground out U3 (Groundball, 34)
Batting: SHB Dave Williams 0-0: Called Strike
0-1: Ball
1-1: Swinging Strike
1-2: Strikes out looking
Batting: LHB Aaron Atkins 0-0: Foul Ball, location: 2F
0-1: Called Strike
0-2: Foul Ball, location: 2F
0-2: Ball
1-2: Foul Ball, location: 2F
1-2: Foul Ball, location: 2F
1-2: Foul Ball, location: 2F
1-2: Ball
2-2: Foul Ball, location: 2F
2-2: Ground out 4-3 (Groundball, 4)
Top of the 9th over - 0 run(s), 0 hit(s), 0 error(s), 0 left on base; North Carolina State 6 - Vanderbilt 1
BOTTOM OF THE 9TH
Vanderbilt Commodores batting - Pitching for North Carolina State Wolfpack : RHP Simon Fox
Now in RF: Alex Miller
Batting: RHB Todd Weeks 0-0: Ball
1-0: Foul Ball, location: 2F
1-1: Foul Ball, location: 2F
1-2: Fly out, F4 (Popup, 34)
Batting: RHB Jon Downs 0-0: Ball
1-0: Ground out 1-3 (Groundball, P)
Batting: RHB Jim Harris 0-0: Called Strike
0-1: Called Strike
0-2: Ground out 6-3 (Groundball, 6)
Bottom of the 9th over - 0 run(s), 0 hit(s), 0 error(s), 0 left on base; North Carolina State 6 - Vanderbilt 1
Tuesday, August 8th, 2017 - OOTP Baseball 17.12 Build 75